 Dungeon Crawl Stone Soup version 0.29-a0-398-ge13fd1374b (webtiles) character file.

Game seed: 3762640952778549343

112723 trckry the Convoker (level 17, -3/128 HPs)
             Began as a Human Summoner on May 12, 2022.
             Was the Champion of the Shining One.
             Shot with an arrow by a centaur warrior (17 damage)
             ... on level 1 of the Shoals.
             The game lasted 02:45:32 (43864 turns).

trckry the Convoker (Human Summoner)               Turns: 43864, Time: 02:45:33

Health: -3/128     AC: 14    Str: 15    XL:     17   Next: 16%
Magic:  17/31      EV: 14    Int: 24    God:    the Shining One [******]
Gold:   2743       SH:  0    Dex: 16    Spells: 10/36 levels left

rFire   . . .      SeeInvis +   J - +0 lajatang
rCold   . . .      Faith    .   (shield currently unavailable)
rNeg    + + +      Spirit   .   K - +3 leather armour {Will+}
rPois   +          Reflect  .   j - +1 helmet {Int+3}
rElec   .          Harm     .   i - +2 cloak {rPois}
rCorr   .          Rampage  .   r - +0 pair of gloves
Will    ++...                   m - +0 pair of boots
Stlth   +.........              (no amulet)
HPRegen 0.31/turn               c - ring of see invisible
MPRegen 0.22/turn               n - +6 ring of strength

@: spiked, glowing, very slow
A: no striking features
a: Renounce Religion, Divine Shield, Cleansing Flame, Summon Divine Warrior,
Brand Weapon With Holy Wrath


You were on level 1 of the Shoals.
You worshipped the Shining One.
The Shining One was exalted by your worship.
You visited 5 branches of the dungeon, and saw 25 of its levels.
You also visited: Bailey and Ice Cave.

You collected 3199 gold pieces.
You spent 456 gold pieces at shops.

Inventory:

Hand Weapons
 H - a +3 flail of venom
 J - a +0 lajatang (weapon)
 P - the +8 hand axe of Temperance {vorpal, Int+3 Dex+6}
   (You found it in an ice cave)

   It inflicts extra damage upon your enemies.
   Int:       It affects your intelligence (+3).
   Dex:       It affects your dexterity (+6).
Missiles
 e - 694 stones (quivered)
 k - 2 curare-tipped darts
 Q - 3 silver javelins
Armour
 i - a +2 cloak of poison resistance (worn)
 j - a +1 helmet of intelligence (worn)
 m - a +0 pair of boots (worn)
 r - a +0 pair of gloves (worn)
 K - a +3 leather armour of willpower (worn)
 S - a +0 buckler
 W - +0 fire dragon scales
Jewellery
 c - a ring of see invisible (left hand)
 f - an amulet of guardian spirit
 n - a +6 ring of strength (right hand)
 s - a ring of protection from fire
 v - a ring of flight
 M - an amulet of reflection
 V - a ring of resist corrosion
Wands
 l - a wand of charming (14)
 y - a wand of polymorph (5)
 D - a wand of iceblast (30)
 G - a wand of flame (37)
 L - a wand of digging (4)
 X - a wand of acid (8)
Scrolls
 d - 5 scrolls of poison
 g - 3 scrolls of fog
 h - 11 scrolls of teleportation
 p - 5 scrolls of fear
 q - 2 scrolls of amnesia
 x - a scroll of enchant armour
 A - 3 scrolls of silence
 E - 11 scrolls of identify
 F - 2 scrolls of immolation
 O - a scroll of summoning
 R - 2 scrolls of blinking
 U - 2 scrolls of enchant weapon
 Z - a scroll of vulnerability
Potions
 a - 4 potions of lignification
 o - 14 potions of curing
 t - 6 potions of might
 u - 4 potions of brilliance
 w - 7 potions of flight
 z - 2 potions of mutation
 B - a potion of haste
 C - 3 potions of ambrosia
 I - a potion of resistance
 Y - a potion of heal wounds
Miscellaneous
 N - a lightning rod (4/4)
 T - a phial of floods


   Skills:
 + Level 10.0 Fighting
 - Level 6.0 Armour
 - Level 6.0 Dodging
 - Level 2.0 Stealth
 + Level 10.0 Spellcasting
 + Level 3.7 Hexes
 * Level 18.1 Summonings
 + Level 5.0 Air Magic
 * Level 14.9 Invocations
 + Level 8.0 Evocations


You had 10 spell levels left.
You knew the following spells:

 Your Spells              Type           Power      Damage    Failure   Level
a - Summon Small Mammal   Summ           100%       N/A       0%          1
b - Summon Cactus Giant   Summ           39%        N/A       1%          6
c - Call Canine Familiar  Summ           78%        N/A       0%          3
d - Summon Lightning Spi  Summ/Air       61%        N/A       1%          4
e - Summon Mana Viper     Hex/Summ       59%        N/A       1%          5
f - Monstrous Menagerie   Summ           39%        N/A       3%          7

Your spell library contained the following spells:

 Spells                   Type           Power      Damage    Failure   Level
 Call Imp                 Summ           78%        N/A       0%          2
 Summon Guardian Golem    Hex/Summ       59%        N/A       1%          3
 Summon Ice Beast         Ice/Summ       53%        N/A       1%          4
 Ensorcelled Hibernation  Hex/Ice        40%        N/A       4%          2
 Scorch                   Fire           24%        2d6       10%         2
 Ozocubu's Armour         Ice            12%        N/A       19%         3
 Spider Form              Tmut/Pois      12%        N/A       19%         3
 Summon Horrible Things   Summ           39%        N/A       24%         8
 Anguish                  Hex/Necr       10%        N/A       28%         4
 Flame Wave               Conj/Fire      12%        2d6       52%         4
 Iskenderun's Mystic Bla  Conj/Tloc      12%        2d5       52%         4
 Petrify                  Tmut/Erth      12%        N/A       52%         4
 Metabolic Englaciation   Hex/Ice        10%        N/A       63%         5
 Malign Gateway           Summ/Tloc      26%        N/A       78%         7
 Spellforged Servitor     Conj/Summ      26%        N/A       78%         7
 Simulacrum               Ice/Necr       6%         N/A       100%        6
 Starburst                Conj/Fire      6%         6d4       100%        6
 Statue Form              Tmut/Erth      8%         N/A       100%        6
 Orb of Destruction       Conj           6%         9d6       100%        7


Dungeon Overview and Level Annotations

Branches:
Dungeon (15/15)            Temple (1/1) D:4            Lair (6/6) D:9
 Shoals (1/4) Lair:3       Spider (0/4) Lair:4        Slime (0/5) Lair:6
    Orc (2/2) D:12            Elf (0/3) Orc:2        Vaults (0/5) D:14
 Depths (0/4) D:15         Bailey (visited)           IceCv (visited)

Altars:
Ashenzari
Cheibriados
Dithmenos
Elyvilon
Fedhas
Gozag
Hepliaklqana
Kikubaaqudgha
Makhleb
Nemelex Xobeh
Okawaru
Qazlal
Ru
Sif Muna
Trog
Uskayaw
Vehumet
Wu Jian
Xom
Yredelemnul
Zin
The Shining One

Shops:
D:3 (   D:8 !   Orc:2 *!=[?

Portals:
Trove: D:10 (give +3 fire dragon scales)

Annotations:
D:3 1 runed translucent door, thiscave3701365's ghost, amateur MiBe
D:4 1 runed translucent door, Crazy Yiuf
D:5 2 transporters
D:8 1 runed translucent door, pigah's ghost, novice OpAE


Message History

The wind drake dies!
You take 29 damage, and have 18/128 hp.
MASSIVE DAMAGE!!
You feel much better.
You regained 25 hp, and now have 43/128 hp.
Magic courses through your body.
Your mana viper disappears in a puff of smoke!
The manticore flicks its tail.
The volley of spikes hits you.
The barbed spikes become lodged in your body.
* * * LOW HITPOINT WARNING * * *
Your warg bites the manticore!
The centaur warrior shoots an arrow.
The arrow hits you.
* * * LOW HITPOINT WARNING * * *
You take 10 damage, and have 33/128 hp.
You regained 18 mp, and now have 22/31 mp.
Casting: Summon Lightning Spire (mildly dangerous; 1% risk of failure)
Confirm with . or Enter, or press ? or * to list all spells.
A nearby plant withers and dies.
Your warg bites the manticore.
The centaur warrior shoots an arrow.
The arrow hits you!!
* * * LOW HITPOINT WARNING * * *
You take 20 damage, and have 13/128 hp.
You now have 16/31 mp.
Casting: Summon Cactus Giant (mildly dangerous; 1% risk of failure)
Confirm with . or Enter, or press ? or * to list all spells.
Okay, then.
Unknown command.
As you read the scroll of fog, it crumbles to dust.
The scroll dissolves into smoke.
Your warg bites the manticore!
The manticore flicks its tail.
The volley of spikes hits your cactus giant!
Your warg bites the manticore.
The centaur warrior unwields a +0 shortbow.
The centaur warrior hits your warg!
The centaur warrior kicks your warg but does no damage.
Your cactus giant hits the manticore with a +0 giant spiked club!!
The manticore dies!
Your Air Magic skill increases to level 5!
Your warg bites the centaur warrior.
The centaur warrior wields a +0 shortbow.
The centaur warrior shoots an arrow.
The arrow hits you!
You die...

..................≈≈≈
.....##..<...#P...≈H
#..≈.#...P.####..≈≈
##.≈≈≈≈≈≈...## ..≈≈
.##..≈≈≈≈≈≈≈.P.P. .≈≈
≈..≈≈≈≈≈hc≈≈..≈≈P .≈
PP≈P≈§P§≈§≈P≈.≈≈≈≈.
P.PPP§§C§§≈≈≈≈≈≈≈≈≈
≈PP≈P§§@§§≈≈P≈≈P≈PP
PP≈≈P§P§§§≈≈PPP≈P
P≈≈≈≈§P§§≈≈≈≈≈≈≈P
..≈≈≈≈P≈≈≈≈≈≈≈≈≈
#.≈≈≈≈≈≈≈≈≈≈≈≈≈≈
≈$≈≈≈≈≈≈≈≈≈≈≈≈≈
≈≈≈≈≈≈≈≈≈≈≈≈≈≈≈
≈≈≈≈≈≈≈≈≈≈≈≈≈≈≈


You could see a centaur warrior (ally target), a friendly cactus giant
(summoned, skewered) and a friendly warg (summoned).

Vanquished Creatures
  An ogre mage (Orc:2)
  A catoblepas (Lair:6)
  A two-headed ogre (Orc:2)
  A death yak (Lair:6)
  A harpy (shapeshifter) (D:13)
  A deep elf pyromancer (D:14)
  A spectral centaur (D:10)
  2 elephants
  A black mamba (Lair:5)
  An ice statue (IceCv)
  3 cane toads
  2 komodo dragons (Lair:6)
  A rime drake (Lair:3)
  A kobold demonologist (D:11)
  A troll (D:14)
  A blink frog (Lair:2)
  2 flying skulls (D:10)
  A wyvern (Lair:5)
  13 yaks
  2 basilisks
  2 vampire mosquitoes (D:10)
  5 water moccasins
  An orc warrior (D:9)
  A boulder beetle simulacrum (D:10)
  9 ogres
  4 centaurs
  A kobold brigand (D:11)
  4 bullfrogs
  A scorpion (D:6)
  2 killer bees (D:9)
  2 howler monkeys
  2 gnoll shamans (D:6)
  2 orc priests
  An iguana (D:6)
  4 orc wizards
  2 adders
  3 gnolls (D:6)
  9 orcs
  2 goblins (D:8)
  4 kobolds
99 creatures vanquished.

Vanquished Creatures (collateral kills)
  A broodmother (shapeshifter) (D:14)
  Nessos (D:15)
  A fire dragon (Lair:4)
  The ghost of Wyjoucal the Geomancer, a journeyman OpEE of Vehumet (Lair:2)
  7 hydras
  4 catoblepae
  Erica (Lair:1)
  3 ogre magi (Orc:2)
  3 vault guards (D:14)
  17 two-headed ogres
  5 boulder beetles
  13 death yaks
  2 centaur warriors
  A deep elf knight (D:13)
  6 skeletal warriors (D:15)
  Lodul (D:10)
  A deep elf pyromancer (D:15)
  2 wizards
  A deep elf zephyrmancer (D:15)
  4 orc knights
  An orc sorcerer (D:15)
  A necromancer (D:15)
  2 spectral boulder beetles (D:10)
  4 manticores
  An oklob plant (Lair:6)
  13 elephants
  14 ugly things
  A spectral centaur (D:10)
  3 black mambas
  Joseph (D:7)
  7 cyclopes
  A molten gargoyle (Lair:4)
  A torpor snail (Lair:5)
  Maurice (D:10)
  2 ice statues (IceCv)
  5 cane toads
  An unseen horror (D:12)
  A gargoyle (D:13)
  2 rime drakes (Lair:5)
  A demonic crawler (Lair:4)
  4 kobold demonologists (D:11)
  A freezing wraith (IceCv)
  2 centaur skeletons (D:10)
  2 entropy weaver simulacra (IceCv)
  6 komodo dragons
  2 efreet
  A yaktaur (D:14)
  A tengu conjurer (D:14)
  7 trolls
  A wind drake (Shoals:1)
  4 polar bears
  A harpy skeleton (D:15)
  7 blink frogs
  3 slime creatures (D:12)
  2 snapping turtles
  4 dream sheep (Lair:5)
  A spectral black mamba (D:10)
  9 flying skulls (D:10)
  4 shadows (D:10)
  8 wraiths
  52 yaks
  3 centaur simulacra
  4 wyverns
  2 humans (D:14)
  2 nameless horrors
  A vampire (D:10)
  6 basilisks
  A dire elephant simulacrum (IceCv)
  A death yak simulacrum (IceCv)
  3 vampire mosquitoes (D:10)
  6 wargs
  An acid dragon (D:11)
  A hell hound (D:10)
  10 water moccasins
  2 sky beasts
  A black bear (D:5)
  17 orc warriors
  2 boulder beetle simulacra (D:10)
  A meliai simulacrum (D:15)
  23 ogres
  3 ice beasts
  A wolf (Lair:2)
  3 centaurs
  A phantom (D:5)
  9 kobold brigands
  8 bullfrogs
  A gnoll sergeant (D:7)
  A necrophage (D:6)
  3 scorpions (Lair:4)
  3 cane toad simulacra (IceCv)
  6 killer bees
  6 howler monkeys
  8 electric eels
  A lava snake (Lair:4)
  3 centaur zombies (D:10)
  9 orc priests
  2 hounds
  2 jellies (D:8)
  3 iguanas (D:5)
  14 orc wizards
  8 hell rats
  11 gnolls
  7 adders
  5 white imps
  2 howler monkey simulacra (D:10)
  2 ufetubi (D:10)
  3 worms (Lair:4)
  4 dart slugs
  50 orcs
  6 ball pythons
  4 endoplasms
  4 giant cockroaches
  4 goblins
  5 hobgoblins
  37 kobolds
  2 quokkas
  8 bats
  5 frilled lizards
  6 rats
607 creatures vanquished.

Vanquished Creatures (others)
  36 fungi
  30 plants
  2 withered plants (D:3)
68 creatures vanquished.

Grand Total: 774 creatures vanquished

Notes
Turn   | Place    | Note
-------+----------+-------------------------------------------
     0 | D:1      | trckry the Human Summoner began the quest for the Orb.
     0 | D:1      | Reached XP level 1. HP: 13/13 MP: 3/3
   129 | D:1      | Found a faded altar of an unknown god.
   220 | D:1      | Reached XP level 2. HP: 8/19 MP: 3/5
   230 | D:1      | Learned a level 2 spell: Call Imp
   823 | D:1      | Reached XP level 3. HP: 24/24 MP: 4/6
   962 | D:1      | Learned a level 3 spell: Call Canine Familiar
  1508 | D:2      | Reached skill level 5 in Summonings
  1508 | D:2      | Reached XP level 4. HP: 15/30 MP: 2/8
  2346 | D:3      | Found a runed translucent door.
  2402 | D:3      | Noticed thiscave3701365's ghost (amateur MiBe)
  2460 | D:3      | Found Qopaicw's Antique Weapon Boutique.
  3694 | D:4      | Reached XP level 5. HP: 29/35 MP: 2/9
  4136 | D:4      | Found a staircase to the Ecumenical Temple.
  4155 | Temple   | Entered the Ecumenical Temple
  4264 | Temple   | Became a worshipper of the Shining One
  4331 | D:4      | HP: 5/35 [gnoll/+0 spear (2)]
  4760 | D:4      | Reached skill level 6 in Summonings
  5045 | D:4      | Found a runed translucent door.
  5046 | D:4      | Noticed Crazy Yiuf
  5149 | D:4      | Learned a level 4 spell: Summon Lightning Spire
  5220 | D:5      | Entered Level 5 of the Dungeon
  5220 | D:5      | Found a transporter.
  5257 | D:5      | Reached XP level 6. HP: 41/41 MP: 7/11
  5825 | D:5      | Reached skill level 1 in Air Magic
  6189 | D:5      | Reached XP level 7. HP: 46/46 MP: 7/12
  6413 | D:5      | Found a transporter.
  6588 | D:5      | Reached skill level 7 in Summonings
  7315 | D:6      | Reached XP level 8. HP: 40/52 MP: 2/14
  8244 | D:6      | Reached skill level 8 in Summonings
  8945 | D:6      | Reached skill level 5 in Spellcasting
  9274 | D:7      | Reached * piety under the Shining One
  9463 | D:7      | Noticed Joseph
  9728 | D:7      | Reached XP level 9. HP: 41/57 MP: 2/16
  9740 | D:7      | Reached skill level 9 in Summonings
 10115 | D:7      | Killed Joseph
 10350 | D:7      | Found a burning altar of Makhleb.
 10419 | D:7      | Reached skill level 1 in Fighting
 10419 | D:7      | Reached skill level 1 in Armour
 10419 | D:7      | Reached skill level 10 in Summonings
 10419 | D:7      | Reached skill level 1 in Invocations
 11162 | D:8      | Found a flagged portal.
 11168 | D:8      | Upgraded the game from 0.29-a0-397-g846e4a0bbc to
                  | 0.29-a0-398-ge13fd1374b
 11181 | Bailey   | Entered a bailey
 11380 | Bailey   | Reached XP level 10. HP: 67/67 MP: 19/19
 11713 | D:8      | Found Rinodyoteu's Distillery.
 11725 | D:8      | Bought a potion of curing for 33 gold pieces
 11725 | D:8      | Bought 2 potions of heal wounds for 110 gold pieces
 11725 | D:8      | Bought a potion of heal wounds for 55 gold pieces
 12205 | D:8      | Found a runed translucent door.
 12205 | D:8      | Found a shimmering altar of Xom.
 12205 | D:8      | Noticed a +1 whip of chaos
 12229 | D:8      | Noticed pigah's ghost (novice OpAE)
 12814 | D:9      | Reached skill level 11 in Summonings
 13627 | D:9      | Reached XP level 11. HP: 76/76 MP: 15/20
 13691 | D:9      | Found a staircase to the Lair.
 13805 | D:10     | Entered Level 10 of the Dungeon
 13829 | D:10     | Noticed Maurice
 13844 | D:10     | The Shining One protects you from harm!
 13846 | D:10     | HP: 7/77 [centaur warrior simulacrum (18)]
 14241 | D:10     | Reached ** piety under the Shining One
 14249 | D:10     | Reached skill level 5 in Invocations
 14365 | D:10     | Killed Maurice
 14366 | D:10     | Reached skill level 5 in Dodging
 14410 | D:10     | Reached skill level 12 in Summonings
 14706 | D:10     | Identified the +2 chain mail of Xuaskes {-Cast Fly Will+++
                  | rCorr}
 14907 | D:10     | HP: 7/78 [vampire mosquito (8)]
 14914 | D:10     | Reached *** piety under the Shining One
 14994 | D:10     | Reached skill level 5 in Armour
 15129 | D:10     | HP: 10/78 [spectral centaur warrior (7)]
 15141 | D:10     | Reached skill level 5 in Fighting
 15737 | D:10     | Reached **** piety under the Shining One
 15744 | D:10     | Reached XP level 12. HP: 40/86 MP: 18/21
 15751 | D:10     | HP: 10/86 [flying skull (9)]
 16136 | D:10     | Reached skill level 13 in Summonings
 16157 | D:10     | HP: 12/83 [centaur warrior zombie (3)]
 16167 | D:10     | HP: 16/130 [spectral boulder beetle (1)]
 16169 | D:10     | HP: 2/130 [spectral boulder beetle (15)]
 16170 | D:10     | The Shining One protects you from harm!
 16510 | D:10     | Identified the +7 ring mail of Fashionability {rElec Str+4
                  | Int-5}
 16619 | D:10     | Noticed Lodul
 16631 | D:10     | HP: 2/88 [Lodul/bolt of lightning (21)]
 16640 | D:10     | Killed Lodul
 16642 | D:10     | Reached ***** piety under the Shining One
 16657 | D:10     | HP: 12/132 [flying skull (1)]
 16882 | D:10     | Reached skill level 14 in Summonings
 17215 | D:10     | Found a portal to a secret trove of treasure.
 17318 | D:10     | Found an ancient bone altar of Kikubaaqudgha.
 17326 | D:10     | Got the Incunabulum of Battle Magic
 17699 | D:10     | Learned a level 6 spell: Summon Cactus Giant
 18134 | D:11     | Noticed a boulder beetle
 18160 | D:11     | Killed a boulder beetle
 18161 | D:11     | Reached XP level 13. HP: 70/93 MP: 8/22
 19424 | D:12     | Found a shimmering altar of Xom.
 19424 | D:12     | Found a shimmering altar of Xom.
 19425 | D:12     | Found a shimmering altar of Xom.
 19426 | D:12     | Found a shimmering altar of Xom.
 19465 | D:12     | Noticed an eight-headed hydra
 19488 | D:12     | Killed an eight-headed hydra
 19678 | D:12     | Reached skill level 1 in Evocations
 19710 | D:12     | Noticed a boulder beetle
 19719 | D:12     | Killed a boulder beetle
 20188 | D:12     | Reached skill level 15 in Summonings
 21361 | D:12     | Found a staircase to the Orcish Mines.
 21666 | Orc:1    | Entered Level 1 of the Orcish Mines
 21924 | Orc:2    | Entered Level 2 of the Orcish Mines
 21924 | Orc:2    | Found a staircase to the Elven Halls.
 22100 | Orc:1    | Reached skill level 10 in Invocations
 22278 | Orc:2    | Found Tefeats's Magic Scroll Shop.
 22751 | Orc:2    | Noticed an ogre mage
 22751 | Orc:2    | Noticed an ogre mage
 22757 | Orc:2    | Noticed an ogre mage
 22758 | Orc:2    | Noticed an ogre mage
 23027 | Orc:2    | Killed an ogre mage
 23028 | Orc:2    | Reached XP level 14. HP: 68/103 MP: 9/25
 24198 | Orc:2    | Reached skill level 16 in Summonings
 24538 | Orc:2    | Found Olatey's Jewellery Emporium.
 24538 | Orc:2    | Found Neenug's General Store.
 24538 | Orc:2    | Found Recvehipadgh's Armour Shop.
 24538 | Orc:2    | Found Niytt's Distillery.
 24553 | Orc:2    | Bought a potion of curing for 48 gold pieces
 24553 | Orc:2    | Bought a potion of curing for 48 gold pieces
 24554 | Orc:2    | Bought 2 potions of curing for 108 gold pieces
 24554 | Orc:2    | Bought a potion of curing for 54 gold pieces
 24852 | Orc:1    | Found an iron altar of Okawaru.
 25273 | Lair:1   | Entered Level 1 of the Lair of Beasts
 25437 | Lair:1   | Found a frozen archway.
 25438 | Lair:1   | Reached ****** piety under the Shining One
 25445 | IceCv    | Entered an ice cave
 26326 | IceCv    | HP: 9/104 [something] (26)]
 27061 | IceCv    | Reached skill level 5 in Evocations
 27325 | IceCv    | Identified the +8 hand axe of Temperance {vorpal, Int+3
                  | Dex+6}
 27443 | Lair:1   | Noticed Erica
 27454 | Lair:1   | Killed Erica
 28473 | Lair:2   | Found a basalt altar of Yredelemnul.
 28544 | Lair:2   | Noticed Wyjoucal's ghost (journeyman OpEE)
 28546 | Lair:2   | Found a runed translucent gate.
 28546 | Lair:2   | Found a runed translucent gate.
 28546 | Lair:2   | Found a runed translucent gate.
 28856 | Lair:2   | Reached XP level 15. HP: 68/110 MP: 8/27
 29628 | Lair:2   | Killed Wyjoucal's ghost
 30086 | Lair:3   | Found a staircase to the Shoals.
 30445 | Lair:3   | HP: 13/112 [11-headed hydra (7)]
 30445 | Lair:3   | HP: 4/112 [11-headed hydra (9)]
 30445 | Lair:3   | The Shining One protects you from harm!
 32148 | Lair:4   | Found a hole to the Spider Nest.
 33011 | Lair:4   | HP: 9/112 [death yak (22)]
 33736 | Lair:4   | HP: 11/112 [death yak (16)]
 34126 | Lair:4   | Reached skill level 17 in Summonings
 35243 | Lair:5   | Learned a level 5 spell: Summon Mana Viper
 35251 | Lair:5   | Learned a level 7 spell: Monstrous Menagerie
 35422 | Lair:5   | Identified the +12 glaive "Ehelemif" {vamp, *Noise rPois
                  | MP+9 Stlth+}
 35580 | Lair:5   | You fall into a shaft and drop 1 floor!
 35580 | Lair:6   | Entered Level 6 of the Lair of Beasts
 36234 | Lair:6   | Reached XP level 16. HP: 120/120 MP: 11/29
 37147 | Lair:6   | Found a staircase to the Slime Pits.
 37392 | Lair:6   | Reached skill level 1 in Hexes
 38359 | Lair:6   | Identified the +1 robe of the Old World {Fly rF- Will+
                  | Stlth+}
 41734 | D:14     | Found a gate to the Vaults.
 42216 | D:15     | Entered Level 15 of the Dungeon
 42670 | D:15     | Noticed Nessos
 42677 | D:15     | Killed Nessos
 42737 | D:15     | Reached skill level 18 in Summonings
 42754 | D:14     | Reached XP level 17. HP: 127/127 MP: 1/30
 43067 | D:15     | Reached skill level 10 in Fighting
 43377 | D:15     | Reached skill level 10 in Spellcasting
 43478 | D:15     | Found a staircase to the Depths.
 43833 | Shoals:1 | Entered Level 1 of the Shoals
 43859 | Shoals:1 | HP: 18/128 [centaur warrior/arrow (19)]
 43864 | Shoals:1 | Reached skill level 5 in Air Magic
 43864 | Shoals:1 | Shot with an arrow by a centaur warrior

Illustrated notes

Levels and vault maps discovered:
D:1:      minmay_arrival_widening_spiral_wide, layout_rooms,
          ebering_ecumenical_altar_mist
D:2:      layout_loops_ring
D:3:      layout_basic, gammafunk_ghost_grave, serial_shops, nicolae_shop_stone,
          grunt_decor_junction
D:4:      layout_basic, minmay_temple_entry_arrows, skrybe_limestone_x,
          uniq_crazy_yiuf_cottage
D:5:      gammafunk_wand_slinger, layout_gridville, minmay_misc_feat_diagonals,
          grunt_ministairs_13
D:6:      layout_basic
D:7:      layout_rooms, bloody_makhleb, lemuel_flame_loot_1, uniq_joseph
D:8:      layout_loops_cross, ebering_ghost_xom, enter_bailey_3,
          amcnicky_mini_rare_corridor_liquid, nicolae_stop_n_shop_2
D:9:      layout_gridville, grunt_lair_entry_orc_guard_hut
D:10:     lemuel_vampire_tower, layout_layer_cave, serial_ice, serial_ice_e,
          serial_ice_o, serial_ice_j, serial_ice_n, enter_trove_0,
          palyth_stone_intersect, uniq_lodul, uniq_maurice
D:11:     layout_layer_cave, dk_noncrumbling_3
D:12:     layout_basic, hiddenorc1_lemuel, xom_redecorated
D:13:     layout_cave_pools, minmay_variable_closet, nicolae_benzene_ring,
          minmay_mirror_moons_of_madness
D:14:     layout_loops_ring, grunt_vaults_entry_fortified, serial_aquarium,
          aquarium_bridge_straight [aquarium_subvault_bridge,
          aquarium_subvault_window, aquarium_subvault_bridge,
          aquarium_subvault_wall], aquarium_bridge_square
          [aquarium_subvault_bridge, aquarium_subvault_bridge,
          aquarium_subvault_wall, aquarium_subvault_balcony],
          aquarium_window_corridor_2, aquarium_window_fake,
          aquarium_window_fake, aquarium_view_2e, aquarium_view_2c,
          minmay_splitting_lines, unseen_surprise_small
D:15:     grunt_enter_depths_magical_seal, layout_rooms,
          hangedman_abyss_or_decor_jellyfish_corner, uniq_nessos
Temple:   compressed_dpeg_circular_temple
Lair:1:   layout_regular_city, portal_ice_cave_entry_pillars_2, uniq_erica
Lair:2:   layout_long_grid, gammafunk_ghost_split, basic_altar,
          serial_bayou_shore_b
Lair:3:   layout_cave_pods, minmay_shoals_entry_hut
Lair:4:   dragon1_lemuel, layout_gridlike, nicolae_spider_entry_non_spiders,
          lemuel_fruit_fields, infiniplex_staircase_pool
Lair:5:   layout_hall_layers
Lair:6:   evilmike_catoblepas_cave, layout_loops_ring,
          minmay_slime_entry_oklob_open, lemuel_fruit_tree
Shoals:1: dreamdust_from_the_deep, layout_shoals, uniq_roxanne, uniq_josephine
Orc:1:    layout_caves, okawaru_metal_pillars_1_2
Orc:2:    st_orc_ogre_mass, layout_caves, serial_shops, shop_statue

Skill      XL: |  1  2  3  4  5  6  7  8  9 10 11 12 13 14 15 16 17 |
---------------+----------------------------------------------------+-----
Summonings     | 5 6 7 8 10 11 12 14 15 16 17 18 | 18.1
Spellcasting   | 3 4 5 6 7 8 9 10 | 10.0
Air Magic      | 1 2 4 5 |  5.0
Fighting       | 2 3 5 6 7 8 9 10 | 10.0
Armour         | 2 4 5 6 |  6.0
Invocations    | 2 4 6 8 10 12 13 14 | 14.9
Dodging        | 3 4 6 |  6.0
Evocations     | 3 5 6 7 8 |  8.0
Hexes          | 3 |  3.7
Stealth        | |  2.0

Action                   |  1- 3 |  4- 6 |  7- 9 | 10-12 | 13-15 | 16-18 || total
-------------------------+-------+-------+-------+-------+-------+-------++-------
Melee: Unarmed           |     1 |     1 |       |       |       |       ||     2
       Short sword       |       |     4 |    53 |       |       |       ||    57
       Flail             |       |       |    26 |   147 |   163 |    90 ||   426
       Punch             |       |       |       |     6 |     7 |     4 ||    17
       Hand axe          |       |       |       |       |    61 |       ||    61
       Lajatang          |       |       |       |       |       |     1 ||     1
Throw: Dart              |     1 |       |       |       |       |       ||     1
 Cast: Summon Small Mamm |    26 |    32 |    21 |       |       |       ||    79
       Call Imp          |    15 |    18 |       |       |       |       ||    33
       Call Canine Famil |       |    17 |    48 |    69 |   101 |     5 ||   240
       Summon Lightning  |       |       |    17 |    47 |    39 |    10 ||   113
       Summon Cactus Gia |       |       |       |     6 |   115 |    50 ||   171
       Monstrous Menager |       |       |       |       |     8 |    38 ||    46
       Summon Mana Viper |       |       |       |       |     4 |    10 ||    14
Evoke: Wand              |       |       |       |       |     7 |       ||     7
  Use: Scroll            |       |       |    19 |     5 |     4 |     1 ||    29
       Potion            |       |       |     1 |    10 |       |     3 ||    14
Armor: Robe              |    15 |    29 |    46 |    97 |       |       ||   187
       Skin              |       |       |       |    20 |       |       ||    20
       Leather armour    |       |       |       |     4 |   158 |    73 ||   235
Dodge: Dodged            |    54 |    59 |   110 |   208 |   358 |   125 ||   914

Table legend: (Time is in decaauts)
 A = Elapsed time spent in this place.
 B = Non-inter-level travel time spent in this place.
 C = Inter-level travel time spent in this place.
 D = Time resting spent in this place.
 E = Time spent auto-exploring this place.
 F = Levels seen in this place.
 G = Mean time per level.
                   A        B        C        D        E       F      G
               +--------+--------+--------+--------+--------+-----+--------+
         Total |  44125 |  42387 |   1738 |   6443 |  26976 |  27 | 1634.3 |
       Dungeon |  26548 |  25370 |   1178 |   2715 |  17394 |  15 | 1769.9 |
        Temple |    131 |     94 |     37 |      0 |     75 |   1 |  131.0 |
          Lair |  11519 |  11118 |    401 |   1301 |   7779 |   6 | 1919.8 |
        Shoals |     30 |     30 |      0 |      0 |      0 |   1 |   30.0 |
  Orcish Mines |   3514 |   3394 |    120 |    936 |   1728 |   2 | 1757.0 |
        Bailey |    450 |    450 |      0 |     56 |      0 |   1 |  450.0 |
      Ice Cave |   1929 |   1929 |      0 |   1435 |      0 |   1 | 1929.0 |
               +--------+--------+--------+--------+--------+-----+--------+

Top non-repeatable levels by time:
    D:10: 3726 daAuts
  Lair:4: 2941 daAuts
  Lair:6: 2485 daAuts
    D:14: 2417 daAuts
    D:12: 2330 daAuts
     D:5: 2201 daAuts
     D:6: 2162 daAuts
   Orc:2: 2142 daAuts
  Lair:3: 2079 daAuts
     D:3: 2003 daAuts
   IceCv: 1929 daAuts
    D:11: 1754 daAuts
     D:9: 1694 daAuts
  Lair:2: 1540 daAuts
     D:7: 1508 daAuts
